 Dungeon Crawl Stone Soup version 0.16.2-3-ga078185 (webtiles) character file.

1268 gorblad the Chopper (level 8, -8/65 HPs)
             Began as a Deep Dwarf Chaos Knight on Sept 8, 2015.
             Killed by divine providence
             ... invoked by an orc priest
              (11 damage)
             ... on level 4 of the Dungeon.
             The game lasted 00:19:01 (4279 turns).

gorblad the Chopper (Deep Dwarf Chaos Knight)       Turns: 4279, Time: 00:19:03

Health: -8/65      AC: 10    Str: 19      XL:     8   Next: 28%
Magic:  9/9        EV: 11    Int: 12      God:    Xom [*.....]
Gold:   213        SH:  0    Dex:  9 (10) Spells: 0 memorised, 7 levels left

rFire  . . .     SeeInvis .     a - +2 hand axe (flame)
rCold  . . .     Clarity  .     f - +2 scale mail {MR+}
rNeg   . . .     SustAb   .     (no shield)
rPois  .         Gourm    .     (no helmet)
rElec  .         Spirit   .     p - +0 cloak
rCorr  .         Warding  .     (no gloves)
rMut   .         Stasis   .     (no boots)
MR     +++..                    (no amulet)
Stlth  +.........               r - ring of wizardry
                                i - ring of protection from magic

@: lethally poisoned (-8 -> -8), non-regenerating, extremely resistant to
hostile enchantments, very unstealthy
A: damage resistance, recharge devices, clumsy 1, frail 1, sense surroundings 1,
slow healing 3, spit poison 1
a: Device Recharging, Spit Poison, Renounce Religion


You were on level 4 of the Dungeon.
You worshipped Xom.
You were a special plaything of Xom.
You were hungry.

You visited 1 branch of the dungeon, and saw 4 of its levels.
You also visited: Sewer.

You collected 213 gold pieces.

Inventory:

Hand weapons
 a - a +2 hand axe of flaming (weapon)
 q - a +0 club
 v - a +0 falchion
Missiles
 n - 3 tomahawks (quivered)
Armour
 b - a +2 leather armour
 f - a +2 scale mail of magic resistance (worn)
 k - a +0 plate armour
 p - a +0 cloak (worn)
 A - a +2 ring mail of magic resistance
Jewellery
 i - a ring of protection from magic (left hand)
 j - an uncursed ring of ice
 r - a ring of wizardry (right hand)
Magical devices
 c - a wand of heal wounds (0)
 x - a wand of confusion (23)
Scrolls
 d - 6 scrolls of teleportation
 e - 2 scrolls of remove curse
 s - 5 scrolls of fear
 y - a scroll of magic mapping
 z - 2 scrolls of blinking
Potions
 g - 5 potions of magic
 w - a potion of brilliance
Books
 u - a book of Clouds

   Spells                             Type                      Level
   a - Mephitic Cloud                 Conjuration/Poison/Air       3
   b - Conjure Flame                  Conjuration/Fire             3
   c - Poisonous Cloud                Conjuration/Poison/Air       6
   d - Freezing Cloud                 Conjuration/Ice/Air          6
   e - Ring of Flames                 Charms/Fire                  7
Comestibles
 h - 4 fruits
 l - a royal jelly
 m - a meat ration
 o - 4 bread rations


   Skills:
 + Level 4.8 Fighting
 + Level 6.1 Axes
 + Level 5.6 Armour
 + Level 5.7 Dodging
 + Level 2.7 Stealth
 + Level 1.1 Evocations


You had 7 spell levels left.
You didn't know any spells.

Dungeon Overview and Level Annotations

Branches:
Dungeon (4/15)
 Temple: D:4-7

Altars:
Xom
Yredelemnul


Innate Abilities, Weirdness & Mutations

You are resistant to damage.
You can recharge devices by infusing magical energy.
You passively map a small area around you.
You do not heal naturally.
You are clumsy. (Dex -2)
You are frail (-10% HP).
You can spit poison.


Message History

The worker ant barely misses you.
You hit the worker ant. You burn the worker ant.
The worker ant is almost dead.
The worker ant bites you.
* * * LOW HITPOINT WARNING * * *
You are poisoned.
The worker ant poisons you!
The worker ant bites you but does no damage.
You closely miss the worker ant.
The worker ant is almost dead.
The worker ant bites you but does no damage.
An orc priest comes into view. It is wielding a dagger.
The orc priest shouts!
You hit the worker ant but do no damage.
The worker ant is almost dead.
The worker ant barely misses you.
The orc priest calls down the wrath of Beogh upon you.
Something smites you!
You die...
Xom laughs nastily!

# #.#)# #................. #
#.#.# ###*##.####.#....[
#########.#,* *,* #.#####.
..........#,***####**,* #.# *,
...########,,,,..o,,,,***#b# *,
...# *****#gg,,,,,,,..# *, #..#
#l#*******### *, #..# ########a#
*, #..# #.....##@#### *,
#..######...>.......# *,
#.............##.##.# *,
#.#######....<##.##.#***********,
#)#######.............,,,,,,,,,,,
#..........##.##.##.#************
##########.......#*,*
####.....,,* #######**


You could see a worker ant, an orc priest, 2 gnolls and a giant gecko.

Vanquished Creatures
  A wolf (D:4)
  Edmund (D:4)
  The ghost of Britaniac the Conjurer, an average HECj of Vehumet (D:4)
  2 phantoms
  2 giant frogs (Sewer)
  3 orc priests (D:4)
  3 worker ants (D:4)
  A worker ant zombie (D:3)
  3 river rats
  15 adders
  10 gnolls
  A giant mite (D:4)
  A worm (D:3)
  4 giant geckos
  2 oozes (Sewer)
  6 orcs
  10 bats
  A bat skeleton (D:3)
  12 hobgoblins
  2 quokkas (D:4)
  8 ball pythons
  3 giant cockroaches
  3 giant gecko skeletons (D:3)
  8 giant newts
  9 goblins
  4 jackals (D:4)
  A jackal skeleton (D:3)
  A jackal zombie (D:3)
  8 kobolds
  A quokka skeleton (D:3)
  28 rats
  A spectral orc (D:2)
  A plant (D:3)
157 creatures vanquished.

Vanquished Creatures (collateral kills)
  A jelly (D:4)
  A gnoll (D:4)
  A giant mite (D:4)
  A shadow imp (D:4)
  A white imp (D:4)
  An ufetubus (D:4)
  A giant newt (Sewer)
  4 rats (Sewer)
11 creatures vanquished.

Vanquished Creatures (others)
  A crimson imp (Sewer)
  A river rat (D:4)
  An orc zombie (D:3)
  A rat zombie (Sewer)
4 creatures vanquished.

Grand Total: 172 creatures vanquished

Notes
Turn   | Place    | Note
--------------------------------------------------------------
     0 | D:1      | gorblad, the Deep Dwarf Chaos Knight, began the quest for the Orb.
     0 | D:1      | Reached XP level 1. HP: 20/20 MP: 1/1
   121 | D:1      | Reached XP level 2. HP: 21/27 MP: 2/2
   161 | D:1      | XOM: divination: detect items
   283 | D:1      | XOM: harmless Air miscast
   443 | D:1      | XOM: silly message
   699 | D:1      | Reached skill level 4 in Axes
  1012 | D:2      | Reached XP level 3. HP: 13/34 MP: 3/3
  1205 | D:2      | XOM: divination: detect creatures
  1251 | D:2      | Gained mutation: You possess an exceptional clarity of mind. [potion of mutation]
  1251 | D:2      | Gained mutation: You are clumsy. (Dex -2) [potion of mutation]
  1251 | D:2      | Gained mutation: You can spit poison. [potion of mutation]
  1474 | D:2      | XOM: divination: magic mapping
  1478 | D:2      | Found a basalt altar of Yredelemnul.
  1805 | D:2      | XOM: cast spell 'Flight'
  1879 | D:2      | XOM: silly message
  2039 | D:3      | Reached XP level 4. HP: 42/42 MP: 4/4
  2122 | D:3      | Found a shimmering altar of Xom.
  2207 | D:3      | XOM: enchant monster (good)
  2214 | D:3      | Reached skill level 1 in Stealth
  2233 | D:3      | Reached XP level 5. HP: 44/50 MP: 5/5
  2328 | D:3      | XOM: divination: detect items
  2403 | D:3      | Noticed a phantom
  2407 | D:3      | XOM: harmless Chrm miscast
  2431 | D:3      | Killed a phantom
  2431 | D:3      | Reached XP level 6. HP: 30/57 MP: 6/6
  2549 | D:3      | XOM: divination: detect items
  2768 | D:3      | XOM: god gift: club {god gift}
  2838 | D:3      | Lost mutation: You possess an exceptional clarity of mind. [potion of mutation]
  2838 | D:3      | Gained mutation: You are frail (-10% HP). [potion of mutation]
  2981 | D:4      | Noticed a wolf
  2981 | D:4      | a worker ant changed into a wolf
  2981 | D:4      | XOM: polymorph worker ant -> wolf
  2982 | D:4      | Killed a wolf
  2982 | D:4      | Reached skill level 5 in Axes
  3023 | D:4      | Noticed Britaniac's ghost (average HECj)
  3041 | D:4      | Killed Britaniac's ghost
  3041 | D:4      | Reached XP level 7. HP: 33/57 MP: 7/7
  3115 | D:4      | Reached skill level 1 in Evocations
  3225 | D:4      | Found a glowing drain.
  3229 | D:4      | XOM: polymorph rat -> giant newt
  3255 | D:4      | XOM: summons 3 hostile demons
  3264 | Sewer    | Entered a sewer
  3507 | Sewer    | Reached skill level 5 in Armour
  3643 | Sewer    | Reached skill level 5 in Dodging
  3729 | Sewer    | XOM: colour smoke trail
  3748 | Sewer    | XOM: summons friendly crimson imp
  3829 | Sewer    | Reached XP level 8. HP: 12/65 MP: 9/9
  3908 | D:4      | XOM: confuse monster(s)
  3910 | D:4      | Reached skill level 6 in Axes
  3914 | D:4      | Noticed Edmund
  3914 | D:4      | XOM: confuse monster(s)
  3917 | D:4      | XOM: blink monster(s)
  3921 | D:4      | XOM: stat loss: -1 Dex (9/10)
  3930 | D:4      | Killed Edmund
  4047 | D:4      | XOM: mild Erth miscast
  4087 | D:4      | XOM: summons 2 hostile shadow creatures
  4193 | D:4      | XOM: 9-stop teleportation journey
  4277 | D:4      | HP: 3/65 [worker ant (2)]
  4279 | D:4      | Killed from afar by an orc priest

Action                   |  1- 3 |  4- 6 |  7- 9 || total
-------------------------+-------+-------+-------++-------
Melee: Hand axe          |   139 |   196 |   240 ||   575
Evoke: Wand              |     2 |     4 |       ||     6
  Use: Scroll            |     8 |       |     5 ||    13
       Potion            |     5 |     2 |     3 ||    10
 Stab: Paralysed         |       |     2 |     2 ||     4
       Confused          |       |     1 |       ||     1
  Eat: Bread ration      |     1 |       |       ||     1
       Chunk             |       |     2 |     4 ||     6
       Fruit             |       |     1 |       ||     1
